 Dungeon Crawl Stone Soup version 0.28-a0-751-gef3a642a4e (webtiles) character file.

Game seed: 15510006504684182137

333 porpoise the Magician (level 6, -10/32 HPs)
             Began as a Deep Elf Conjurer on Oct 31, 2021.
             Was an Initiate of Vehumet.
             Mangled by an orc warrior (12 damage)
             ... on level 4 of the Dungeon.
             The game lasted 00:08:51 (3035 turns).

porpoise the Magician (Deep Elf Conjurer)           Turns: 3035, Time: 00:08:51

Health: -10/32     AC:  4    Str:  5    XL:     6   Next: 27%
Magic:  6/17       EV: 12    Int: 24    God:    Vehumet [......]
Gold:   168        SH:  0    Dex: 13    Spells: 7/18 levels left

rFire   . . .      SeeInvis .   b - +0 hunting sling
rCold   . . .      Faith    .   (no shield)
rNeg    . . .      Spirit   .   d - +0 robe
rPois   .          Reflect  .   s - +0 helmet
rElec   .          Harm     .   (no cloak)
rCorr   .          Rampage  .   j - +0 pair of gloves
Will    .....                   (no boots)
Stlth   ++........              (no amulet)
HPRegen 0.10/turn               (no ring)
MPRegen 0.15/turn               (no ring)

@: no status effects
A: no striking features
a: Renounce Religion


You were on level 4 of the Dungeon.
You worshipped Vehumet.
Vehumet was noncommittal.
You visited 1 branch of the dungeon, and saw 4 of its levels.

You collected 168 gold pieces.

Inventory:

Hand Weapons
 a - a +7 vorpal mace
 b - a +0 hunting sling (weapon)
 o - a +0 short sword of flaming
Missiles
 c - 21 stones (quivered ammo)
 g - 39 poisoned darts
 m - 3 boomerangs
Armour
 d - a +0 robe (worn)
 j - a +0 pair of gloves (worn)
 n - a +0 buckler
 s - a +0 helmet (worn)
Wands
 r - a wand of iceblast (5)
Scrolls
 e - a scroll of enchant weapon {unknown}
 f - a scroll of identify {unknown}
 h - a scroll of magic mapping {unknown}
 t - a scroll of acquirement {unknown}
 u - a scroll of torment {unknown}
Potions
 i - a potion of might {unknown}
 k - a potion of degeneration {unknown}
 l - 3 potions of lignification {unknown}
 p - a potion of ambrosia {unknown}
 q - 2 potions of curing {unknown}


   Skills:
 - Level 2.4 Dodging
 - Level 2.4 Stealth
 + Level 6.6 Spellcasting
 - Level 5.3 Conjurations
 + Level 4.4 Hexes


You had 7 spell levels left.
You knew the following spells:

 Your Spells              Type           Power      Damage    Failure   Level
a - Magic Dart            Conj           100%       1d8       1%          1
b - Searing Ray           Conj           66%        2d6       1%          2
c - Fulminant Prism       Conj/Hex       15%        3d11      10%         4
d - Iskenderun's Mystic   Conj/Tloc      20%        2d6       24%         4

Your spell library contained the following spells:

 Spells                   Type           Power      Damage    Failure   Level
 Dazzling Flash           Conj/Hex       62%        N/A       3%          3
 Ozocubu's Armour         Ice            7%         N/A       22%         3
 Ozocubu's Refrigeration  Ice            3%         4d5       100%        7


Dungeon Overview and Level Annotations

Branches:
Dungeon (4/15)
 Temple: D:4-7

Altars:
Qazlal
Trog
Vehumet
Yredelemnul

Annotations:
D:4 Sigmund


Message History

Sigmund the Dreaded comes into view.
He is wielding a +0 scythe.
The orc warrior throws a stone.
The stone hits you!
You see here a stone.
You see here a stone.
The orc warrior throws a stone.
The stone hits you.
* * * LOW HITPOINT WARNING * * *
A water moccasin skeleton comes into view.
You see here a stone.
Casting: Searing Ray (safe; 1% risk of failure)
Confirm with . or Enter, or press ? or * to list all spells.
Aiming: Searing Ray (safe; 1% risk of failure)
Press: ? - help, Shift-Dir - straight line, f/p - orc warrior
Aim: an orc warrior, wielding a +0 scimitar, wearing a +0 plate armour and quivering stones (lightly wounded, 81% to hit)
The searing ray hits the orc warrior!
The orc warrior is heavily wounded. (Press . to maintain the ray.)
The searing ray misses the orc warrior.
The searing ray misses the orc.
The orc warrior throws a stone.
The stone barely misses you.
The searing ray hits the orc warrior.
The orc warrior is severely wounded.
The searing ray hits the orc wizard!
The orc wizard is severely wounded.
The orc warrior throws a stone.
The stone hits you!
* * * LOW HITPOINT WARNING * * *
The searing ray hits the orc warrior.
The orc warrior is almost dead.
The searing ray misses the orc wizard.
You finish channelling your searing ray.
Casting: Searing Ray (safe; 1% risk of failure)
Confirm with . or Enter, or press ? or * to list all spells.
Aiming: Searing Ray (safe; 1% risk of failure)
Press: ? - help, Shift-Dir - straight line, f/p - orc warrior
Aim: an orc warrior, wielding a +0 scimitar, wearing a +0 plate armour and quivering stones (almost dead, 81% to hit)
The searing ray misses the orc warrior.
The searing ray hits the orc wizard.
You kill the orc wizard!
Vehumet accepts your kill. (Press . to maintain the ray.)
The water moccasin skeleton barely misses you.
The orc warrior hits you with a +0 scimitar!
You die...

##### #### ....#
....#####....## .....
...............## .....
.............#..# .....
...........##...###.....
..........#.#...........
#.....@##.#............
#.#...Z#o##.........#
#.#^.#.#(#.....)...#
#..##.#).........#
.##....##...........####
.......oo...............
........................
.##....##...).........P.
. #..##.#..............


You could see an orc warrior and a water moccasin skeleton.

Vanquished Creatures
  A phantom (D:4)
  A bullfrog zombie (D:3)
  An orc priest (D:4)
  Terence (D:2)
  Natasha (thrice) (D:2)
  An orc wizard (D:4)
  A hound skeleton (D:4)
  3 adders
  2 worms
  3 dart slugs
  An orc (D:3)
  4 ball pythons
  4 endoplasms (D:1)
  3 goblins
  7 hobgoblins
  2 jackals (D:3)
  2 quokkas
  5 bats
  3 frilled lizards
  8 kobolds
  2 rats
58 creatures vanquished.

Notes
Turn   | Place    | Note
-------+----------+-------------------------------------------
     0 | D:1      | porpoise the Deep Elf Conjurer began the quest for the Orb.
     0 | D:1      | Reached XP level 1. HP: 10/10 MP: 6/6
   169 | D:1      | Reached XP level 2. HP: 15/15 MP: 4/8
   307 | D:1      | Learned a level 2 spell: Searing Ray
   793 | D:1      | Reached skill level 4 in Spellcasting
  1234 | D:2      | Reached skill level 5 in Conjurations
  1234 | D:2      | Reached XP level 3. HP: 19/19 MP: 6/10
  1541 | D:2      | Noticed Terence
  1548 | D:2      | Killed Terence
  1549 | D:2      | Reached XP level 4. HP: 21/24 MP: 3/12
  1627 | D:2      | Learned a level 4 spell: Fulminant Prism
  1632 | D:2      | Learned a level 4 spell: Iskenderun's Mystic Blast
  1778 | D:2      | Noticed Natasha
  1781 | D:2      | Killed Natasha
  1782 | D:2      | Reached skill level 5 in Spellcasting
  1782 | D:2      | Reached skill level 1 in Hexes
  1838 | D:2      | Noticed Natasha
  1866 | D:2      | Killed Natasha
  1904 | D:2      | Noticed Natasha
  1910 | D:2      | Killed Natasha
  1911 | D:2      | Reached XP level 5. HP: 24/28 MP: 11/15
  1971 | D:3      | Found a basalt altar of Yredelemnul.
  1973 | D:3      | Found a stormy altar of Qazlal.
  1978 | D:3      | Found a bloodstained altar of Trog.
  2292 | D:3      | Found a faded altar of an unknown god.
  2494 | D:3      | Reached skill level 6 in Spellcasting
  2699 | D:4      | Found a radiant altar of Vehumet.
  2707 | D:4      | Became a worshipper of Vehumet
  2807 | D:4      | Noticed a phantom
  2814 | D:4      | Killed a phantom
  2815 | D:4      | Reached XP level 6. HP: 32/32 MP: 8/17
  3019 | D:4      | Noticed an orc warrior
  3027 | D:4      | Noticed Sigmund
  3035 | D:4      | Mangled by an orc warrior

Illustrated notes

Levels and vault maps discovered:
D:1:      dpeg_arrival_long_road, layout_basic, bh_walls_and_bars
D:2:      layout_rooms, uniq_natasha, uniq_terence
D:3:      layout_rooms, nicolae_overflow_hidden_temple,
          hellmonk_ecumenical_altar_inner_sanctum
D:4:      layout_basic, mainiacjoe_overflow_tiny_flanked,
          minmay_temple_entry_fiery, minmay_misc_feat_secret_circle,
          uniq_sigmund, uniq_menkaure

Skill      XL: |  1  2  3  4  5 |
---------------+----------------+-----
Spellcasting   | 4 5 6 |  6.6
Conjurations   | 5 |  5.3
Hexes          | 2 4 |  4.4
Dodging        | |  2.4
Stealth        | |  2.4

Action                   |  1- 3 |  4- 6 || total
-------------------------+-------+-------++-------
 Fire: Hunting sling     |     5 |    16 ||    21
 Cast: Magic Dart        |    41 |    16 ||    57
       Searing Ray       |     9 |    18 ||    27
Armor: Robe              |     7 |     1 ||     8
Dodge: Dodged            |     4 |     8 ||    12

Table legend: (Time is in decaauts)
 A = Elapsed time spent in this place.
 B = Non-inter-level travel time spent in this place.
 C = Inter-level travel time spent in this place.
 D = Time resting spent in this place.
 E = Time spent auto-exploring this place.
 F = Levels seen in this place.
 G = Mean time per level.
                   A        B        C        D        E       F      G
               +--------+--------+--------+--------+--------+-----+--------+
         Total |   3036 |   2955 |     81 |   1285 |   1248 |   4 |  759.0 |
       Dungeon |   3036 |   2955 |     81 |   1285 |   1248 |   4 |  759.0 |
               +--------+--------+--------+--------+--------+-----+--------+

Top non-repeatable levels by time:
     D:1: 1230 daAuts
     D:2: 740 daAuts
     D:3: 684 daAuts
     D:4: 381 daAuts
